Map: Frozen Temple

Players

Tenonee

  • Race: Terran Terran
  • League: Diamond

ElmoKajaky - Winner!

  • Race: Zerg Zerg
  • League: Diamond

VOD

Have the link to the VOD?

Description

Time

  • Played on: July 31, 2016, 5:28 a.m.
  • Length: 6:20
Show
View Real Time Build Order
Export as new Build Order

Tenonee Terran 

Build Orders: Reaper Expand 

Get SALT Encoding   

  12  0:01  SCV  
  13  0:13  SCV  
  14  0:20  Supply Depot  
  14  0:25  SCV  
  15  0:42  SCV  
  16  0:44  Barracks  
  16  0:48  Refinery  
  16  0:54  SCV  
  17  1:06  SCV  
  17  1:07  Supply Depot  
  18  1:19  SCV  
  19  1:31  Orbital Command  
  19  1:32  Reaper  
  20  1:56  Command Center  
  20  1:57  SCV  
  21  2:05  Marine  
  21  2:08  Factory  
  22  2:12  SCV  
  23  2:24  SCV  
  23  2:28  Barracks  
  23  2:29  Barracks Reactor  
  24  2:36  SCV  
  25  2:53  SCV  
  26  3:05  SCV  
  27  3:07  Supply Depot  
  27  3:11  Orbital Command  
  27  3:13  Barracks Tech Lab  
  27  3:17  SCV  
  28  3:21  Hellion x2  
  32  3:27  Barracks Reactor  
  32  3:28  Refinery  
  32  3:29  SCV  
  32  3:31  Orbital Command  
  32  3:32  Supply Depot  
  33  3:41  SCV  
  33  3:44  Hellion  
  33  3:45  Hellion  
  38  3:48  Stimpack  
  38  3:53  SCV  
  39  3:59  SCV  
  40  4:04  Bunker  
  40  4:05  SCV  
  40  4:09  Hellion  
  43  4:14  Hellion, SCV  
  46  4:17  SCV  
  46  4:21  Marine  
  48  4:26  SCV  
  49  4:34  Marine x2  
  50  4:39  Marine  
  51  4:47  SCV x2  
  51  4:51  Factory Tech Lab  
  53  4:54  Command Center  
  53  4:58  Starport  
  53  4:59  Supply Depot, SCV x2  
  55  5:01  Marine x3  
  58  5:11  Siege Tank, SCV  
  62  5:20  Marine, SCV  
  62  5:21  Barracks, Marine  
  64  5:22  Marine, Barracks  
  64  5:23  SCV  
  67  5:30  Supply Depot  
  67  5:39  Marine x2  
  67  5:40  Starport Reactor  
  69  5:44  Engineering Bay  
  69  5:46  Engineering Bay  
  69  5:50  Supply Depot  
  68  6:00  Marine x2  
Show
View Real Time Build Order
Export as new Build Order

ElmoKajaky Zerg - Winner!

Build Orders: Hatch First 

Get SALT Encoding   

  12  0:02  Drone  
  13  0:14  Drone  
  13  0:20  Extractor  
  13  0:21  Drone  
  15  0:36  Overlord  
  15  0:40  Extractor  
  14  0:42  Extractor  
  14  0:44  Drone  
  16  0:56  Drone  
  17  0:58  Hatchery  
  17  1:02  Drone x2  
  18  1:10  Drone, Extractor  
  18  1:22  Spawning Pool  
  18  1:24  Drone  
  18  1:31  Drone  
  19  1:42  Drone  
  20  1:59  Hatchery  
  20  2:01  Drone  
  20  2:10  Overlord  
  20  2:12  Queen  
  22  2:19  Metabolic Boost  
  22  2:28  Evolution Chamber  
  21  2:39  Zergling x6  
  23  2:53  Queen  
  25  3:01  Drone x3  
  28  3:22  Zerg Melee Weapons Level 1, Drone x3  
  31  3:38  Zergling x12  
  37  3:50  Zergling x8  
  37  3:53  Zergling x2  
  38  4:32  Zergling x6  
  38  4:38  Zergling x8  
  41  4:47  Overlord  
  41  4:48  Overlord x2  
  41  4:54  Baneling Nest  
  40  5:08  Zergling x14  
  40  5:11  Zergling x8  
  51  5:33  Zergling x14  
  58  5:43  Evolution Chamber  
  58  5:46  Baneling x17  
  58  5:47  Zergling x4  
  59  5:57  Spine Crawler  
  59  5:58  Baneling  
  59  6:00  Zergling x6  
Tags
 
Add a new tag
Caveats
  • Supply blocks, unpowered buildings, or Contaminate may cause inaccurate times.
  • Supply counts are checked every 10 seconds.